 Dungeon Sprint DCSS version 0.28-a0-1033-g1a2f33fa85 (webtiles) character file.

Game seed: 10550157960162444499

436 ytrimaz the Grappler (level 6, -1/106 HPs)
             Began as a Troll Berserker on Dec 7, 2021.
             Was a Believer of Trog.
             Slain by a slime creature (7 damage)
             ... in the Dungeon (Sprint I: "Red Sonja").
             The game lasted 00:01:11 (260 turns).

ytrimaz the Grappler (Troll Berserker)               Turns: 260, Time: 00:01:12

Health: -1/106     AC:  4    Str: 28    XL:     6   Next: 69%
Magic:  5/5        EV: 11    Int:  3    God:    Trog [**....]
Gold:   332        SH:  0    Dex:  9    Spells: 5/5 levels left

rFire   . . .      SeeInvis .     - Unarmed
rCold   . . .      Faith    .   (no shield)
rNeg    . . .      Spirit   .   a - +0 animal skin
rPois   .          Reflect  .   (helmet restricted)
rElec   .          Harm     .   (no cloak)
rCorr   .          Rampage  .   (gloves unavailable)
Will    .....      NoTele   +   (boots unavailable)
Stlth   ..........              (no amulet)
HPRegen 1.07/turn               (no ring)
MPRegen 0.09/turn               (no ring)

@: berserking, very quick
A: large, unfitting armour, claws 3, regeneration 1, shaggy fur 1, tough skin 1
a: Renounce Religion, Berserk, Trog's Hand


You were in the Dungeon.
You worshipped Trog.
Trog was pleased with you.
You visited 1 branch You collected 332 gold pieces.

Inventory:

Armour
 a - a +0 animal skin (worn)
Wands
 h - a wand of iceblast (4)
Scrolls
 g - a scroll of blinking
Potions
 b - a potion of curing
 c - a potion of heal wounds
 d - a potion of haste
 e - 2 potions of magic
 f - a potion of berserk rage


   Skills:
 + Level 7.4 Fighting
 + Level 7.2 Dodging
 + Level 9.2 Unarmed Combat


You had 5 spell levels left.
You didn't know any spells.
Your spell library was empty.

Dungeon Overview and Level Annotations

Branches:
Dungeon (1/1)

Altars:
Cheibriados
Dithmenos
Elyvilon
Fedhas
Gozag
Hepliaklqana
Kikubaaqudgha
Makhleb
Okawaru
Qazlal
Ru
Sif Muna
Trog
Uskayaw
Vehumet
Wu Jian
Xom
Yredelemnul
Zin
The Shining One
Jiyva
Lugonu

Shops:
D !


Innate Abilities, Weirdness & Mutations

You are too large for most types of armour.
You have claws for hands.
Your natural rate of healing is unusually fast.
You are covered in fur. (AC +1)
You have tough skin. (AC +1)


Message History

There is an open door here.
Press: ? - help, . - travel You can't see that place. [the floor.]
You open the door.
A slime creature comes into view.
Found four altars.
Unknown command.
There is an open door here.
The slime creature quivers.
The slime creature closely misses you.
You claw the slime creature!
The slime creature is lightly wounded.
The slime creature hits you!
You scratch the slime creature but do no damage.
The slime creature is lightly wounded.
The slime creature hits you!!
You claw the slime creature!
The slime creature is moderately wounded.
The slime creature closely misses you.
You barely miss the slime creature.
The slime creature is moderately wounded.
You barely miss the slime creature.
The slime creature is moderately wounded.
The slime creature hits you!
You barely miss the slime creature.
The slime creature is moderately wounded.
The slime creature completely misses you.
You claw the slime creature!
The slime creature is heavily wounded.
The slime creature hits you!
* * * LOW HITPOINT WARNING * * *
You barely miss the slime creature.
The slime creature is heavily wounded.
The slime creature hits you!
* * * LOW HITPOINT WARNING * * *
Unknown command.
A red film seems to cover your vision as you go berserk!
You feel yourself moving faster!
You feel mighty! The slime creature hits you!
You die...

###################
#<.#..').#..'..#__#
#..').#..').#..'@J+
#..#####'#####'#__# #
#..# #..#...#(####$$#
#..#__####..##.#§≈§§c#
#..#_____##'#_.+§§≈§§+
#⌠⌠#_.∩...†..._#≈§§§c#
####_..__##_.#'##+####
#____ ##+#.# #### ###


You could see a slime creature.

Vanquished Creatures
  Sigmund (D)
  A yak (D)
  An ogre (D)
  A jelly (D)
  Ijyb (D)
5 creatures vanquished.

Notes
Turn   | Place    | Note
-------+----------+-------------------------------------------
     0 | D        | ytrimaz the Troll Berserker began the quest for the Orb.
     0 | D        | Reached XP level 1. HP: 22/22 MP: 0/0
     1 | D        | Noticed Ijyb
     8 | D        | Killed Ijyb
     9 | D        | Reached skill level 4 in Unarmed Combat
     9 | D        | Reached XP level 2. HP: 32/32 MP: 1/1
    12 | D        | Noticed an ogre
    16 | D        | Killed an ogre
    17 | D        | Reached skill level 5 in Fighting
    17 | D        | Reached skill level 5 in Dodging
    17 | D        | Reached skill level 6 in Unarmed Combat
    17 | D        | Reached XP level 3. HP: 28/42 MP: 2/2
    17 | D        | Reached XP level 4. HP: 33/50 MP: 3/3
    36 | D        | Noticed Sigmund
    51 | D        | Killed Sigmund
    51 | D        | Reached ** piety under Trog
    52 | D        | Reached skill level 8 in Unarmed Combat
    52 | D        | Reached XP level 5. HP: 42/61 MP: 4/4
    89 | D        | Found an ornate altar of the Wu Jian Council.
    89 | D        | Found a shimmering blue altar of Sif Muna.
    91 | D        | Found a radiant altar of Vehumet.
    95 | D        | Reached XP level 6. HP: 56/68 MP: 5/5
   110 | D        | Found Letas's Distillery.
   110 | D        | Found an ancient bone altar of Kikubaaqudgha.
   110 | D        | Found a hazy altar of Hepliaklqana.
   110 | D        | Found a stormy altar of Qazlal.
   110 | D        | Found a hide-covered altar of Uskayaw.
   110 | D        | Found a blossoming altar of Fedhas.
   110 | D        | Found a bloodstained altar of Trog.
   110 | D        | Found an iron altar of Okawaru.
   110 | D        | Found a basalt altar of Yredelemnul.
   110 | D        | Found a glowing golden altar of the Shining One.
   110 | D        | Found a snail-covered altar of Cheibriados.
   110 | D        | Found a sacrificial altar of Ru.
   110 | D        | Found a glowing silver altar of Zin.
   110 | D        | Found a shadowy altar of Dithmenos.
   110 | D        | Found a white marble altar of Elyvilon.
   110 | D        | Noticed a yak
   113 | D        | Killed a yak
   114 | D        | Reached skill level 9 in Unarmed Combat
   114 | D        | Found an opulent altar of Gozag.
   240 | D        | Noticed a centaur warrior
   240 | D        | Noticed a centaur warrior
   249 | D        | Found a burning altar of Makhleb.
   249 | D        | Found a viscous altar of Jiyva.
   249 | D        | Found a shimmering altar of Xom.
   249 | D        | Found a corrupted altar of Lugonu.
   249 | D        | Noticed a slime creature
   259 | D        | HP: 3/71 [slime creature (9)]
   260 | D        | Slain by a slime creature

Illustrated notes

Levels and vault maps discovered:
D:        dungeon_sprint_1 [red_sonja_temple_1, red_sonja_temple_small_1]

Skill      XL: |  1  2  3  4  5  6 |
---------------+-------------------+-----
Fighting       | 3 5 6 7 |  7.4
Dodging        | 3 5 6 7 |  7.2
Unarmed Combat | 4 6 8 9 |  9.2

Action                   |  1- 3 |  4- 6 || total
-------------------------+-------+-------++-------
Melee: Unarmed           |     8 |    20 ||    28
Invok: Berserk           |     1 |     1 ||     2
Armor: Animal skin       |       |     2 ||     2
Dodge: Dodged            |     3 |     3 ||     6

Table legend: (Time is in decaauts)
 A = Elapsed time spent in this place.
 B = Non-inter-level travel time spent in this place.
 C = Inter-level travel time spent in this place.
 D = Time resting spent in this place.
 E = Time spent auto-exploring this place.
 F = Levels seen in this place.
 G = Mean time per level.
                   A        B        C        D        E       F      G
               +--------+--------+--------+--------+--------+-----+--------+
         Total |    264 |    264 |      0 |    124 |     36 |   1 |  264.0 |
       Dungeon |    264 |    264 |      0 |    124 |     36 |   1 |  264.0 |
               +--------+--------+--------+--------+--------+-----+--------+

Top non-repeatable levels by time:
       D: 264 daAuts
